 Dungeon Crawl Stone Soup version bcrawl-1.36.4 (webtiles) character file.

Game seed: 12112087055501853930

347604 jojo4K the Protected (level 10, -4/117 HPs)
             Began as a Minotaur Berserker on Aug 16, 2022.
             Was a High Priest of Trog.
             Slain by Erolcha
             ... wielding a +0 giant club
              (14 damage)
             ... on level 9 of the Dungeon.
             The game lasted 00:18:39 (8283 turns).

jojo4K the Protected (Minotaur Berserker)           Turns: 8283, Time: 00:18:39

Health: -4/117     AC: 15    Str: 29    XL:     10   Next: 68%
Magic:  9/9        EV: 10    Int:  4    God:    Trog [*****.]
Gold:   612        SH:  6    Dex: 11    Spells: 9/9 levels left

rFire    . . .     SeeInvis .   g - +2 hand axe (elec)
rCold    + . .     Gourm    .   v - +0 buckler (curse)
rNeg     . . .     Faith    .   O - +0 plate armour
rPois    +         Spirit   .   (helmet restricted)
rElec    .         Reflect  .   (no cloak)
rCorr    .                      (no gloves)
MR       +++..                  (no boots)
Stlth    ..........             N - amulet of magic regeneration
HPRegen  0.29/turn              f - ring of protection from cold
MPRegen  0.33/turn              F - ring of poison resistance

@: berserking, very quick
A: retaliatory headbutt, horns 2
a: Berserk, Trog's Hand, Brothers in Arms, Renounce Religion


You were on level 9 of the Dungeon.
You worshipped Trog.
Trog was extremely pleased with you.
You were not hungry.

You visited 1 branch of the dungeon, and saw 9 of its levels.

You collected 612 gold pieces.

Inventory:

Hand Weapons
 a - a +0 hand axe
 g - a +2 hand axe of electrocution (weapon)
 T - the +6 broad axe of Calculation {flame, rF- Int+2 Dex+8, unknown}
   (Trog gifted it to you on level 9 of the Dungeon)

   It has been specially enchanted to surge with flame as it hits, increasing
   damage dealt by approximately one third against foes not resistant or
   susceptible to fire.
   Its heat also prevents any hydra heads it cuts off from regrowing.
   It affects your intelligence (+2).
   It affects your dexterity (+8).
   It makes you vulnerable to fire.
Missiles
 Q - a throwing net {=f}
Armour
 b - a +0 animal skin
 p - a +0 leather armour
 t - a +0 leather armour
 v - a cursed +0 buckler (worn)
 w - a +3 ring mail of cold resistance
 D - a +0 chain mail
 K - a +0 pair of boots
 O - a +0 plate armour (worn)
 P - a +1 chain mail of cold resistance
Jewellery
 f - a ring of protection from cold (left hand)
 q - an uncursed ring of positive energy
 x - an uncursed amulet of guardian spirit
 E - an uncursed amulet of the acrobat
 F - a ring of poison resistance (right hand)
 N - an amulet of magic regeneration (around neck)
 S - an uncursed ring of protection from cold
Wands
 H - a wand of polymorph (18)
 I - a wand of iceblast (6)
 L - a wand of paralysis (15)
Scrolls
 i - 5 scrolls of identify
 k - 4 scrolls of fear {unknown}
 l - a scroll of fog {unknown}
 m - 9 scrolls of remove curse {unknown}
 n - 3 scrolls of amnesia {unknown}
 u - 7 scrolls of enchant weapon {unknown}
 y - a scroll of noise {unknown}
 A - 4 scrolls of magic mapping {unknown}
 G - a scroll of enchant armour {unknown}
 J - a scroll of immolation {unknown}
 M - a scroll of teleportation {unknown}
Potions
 c - 4 potions of agility {unknown}
 d - a potion of resistance {unknown}
 h - 8 potions of curing {unknown}
 j - 7 potions of flight {unknown}
 o - a potion of cancellation {unknown}
 r - 3 potions of lignification {unknown}
 s - a potion of mutation {unknown}
 z - 4 potions of might {unknown}
 B - 3 potions of degeneration {unknown}
 C - a potion of haste {unknown}
 R - 3 potions of heal wounds {unknown}
Comestibles
 e - 17 rations {!d}


   Skills:
 - Level 3.7 Fighting
 + Level 11.2 Axes
 * Level 11.4 Armour
 - Level 7.9 Dodging
 - Level 8.1 Shields


You had 9 spell levels left.
You didn't know any spells.
Your spell library was empty.

Dungeon Overview and Level Annotations

Branches:
Dungeon (9/12)             Temple (0/1) D:6            Lair (0/6) D:7
    Orc: D:8-11

Altars:
Cheibriados
Elyvilon
Hepliaklqana
Qazlal
Ru
Trog
Vehumet
Yredelemnul
Zin

Shops:
D:6 *   D:7 (   D:8 ?

Annotations:
D:9 Erolcha, Pikel


Innate Abilities, Weirdness & Mutations

You reflexively headbutt those who attack you in melee.
You have a pair of horns on your head.


Message History

Pikel the Slaver comes into view.
He is wielding a +1 whip of flaming.
The slave misses you. You furiously retaliate!
You headbutt the slave, but do no damage.
You hear some strange, mumbled words.
A stone arrow appears from out of thin air!
The stone arrow hits you.
* * * LOW HITPOINT WARNING * * *
Items here: ( )) [[ †† A red film seems to cover your vision as you go berserk!
You feel yourself moving faster!
You feel mighty!
You feel a lot more hungry. Something hits you!
* * * LOW HITPOINT WARNING * * *
The slave hits you.
* * * LOW HITPOINT WARNING * * *
You slice something!! Lightning courses through something! You slash the slave!
Lightning courses through the slave!
You kill the slave!
That felt strangely unrewarding.
You closely miss something. Something hits you!
You die...

####.# #$.... #
K ####.## .# .(
#.....###.##
..K###'###.....
##...p.......#
....p......#
#..[{.###
#..#@##.#
####†...###
#.#.......#
#........##
.....###...#####
#<.##
#..##...######
#.
#............#
..
##......#....##
. #.....#......#


You could see Pikel and 2 slaves.

Vanquished Creatures
  A cyclops (D:8)
  A kobold demonologist (D:7)
  A troll (D:9)
  A meliai zombie (D:9)
  7 yaks
  Sigmund (D:3)
  3 wyverns (D:7)
  A steam dragon (D:7)
  A human (D:9)
  2 crocodiles (D:7)
  A water moccasin (D:7)
  A black bear (D:7)
  2 orc warriors (D:7)
  A sky beast (D:5)
  2 ice beasts
  2 slaves (D:9)
  A phantom (D:5)
  4 ogres
  2 bullfrogs (D:7)
  A kobold brigand (D:7)
  Blork the orc (D:5)
  5 centaurs
  5 scorpions
  4 orc priests
  6 crimson imps
  2 bullfrog zombies
  A quasit (D:8)
  5 hounds
  2 jellies
  2 bullfrog skeletons
  Ijyb (D:5)
  Terence (D:3)
  3 iguanas
  4 worker ants
  4 orc wizards
  A mummy (D:5)
  A worker ant zombie (D:5)
  16 adders
  A shadow imp (D:5)
  An ooze (D:6)
  2 adder zombies
  2 adder skeletons (D:7)
  3 worms
  4 dart slugs
  6 leopard geckos
  29 orcs
  A ball python (D:2)
  7 bats
  5 giant cockroaches
  6 goblins
  5 hobgoblins
  4 jackals (D:2)
  8 kobolds
  8 quokkas
  5 frilled lizards
  A quokka zombie (D:5)
  6 rats
  A spectral goblin (D:4)
205 creatures vanquished.

Notes
Turn   | Place    | Note
-------+----------+-------------------------------------------
     0 | D:1      | jojo4K the Minotaur Berserker began the quest for the Orb.
     0 | D:1      | Reached XP level 1. HP: 19/19 MP: 0/0
    97 | D:1      | Reached XP level 2. HP: 21/27 MP: 1/1
   671 | D:2      | Reached ** piety under Trog
   672 | D:2      | Reached skill level 5 in Axes
   677 | D:2      | Reached XP level 3. HP: 31/33 MP: 2/2
   881 | D:2      | Found a basalt altar of Yredelemnul.
   908 | D:2      | Found a basalt altar of Yredelemnul.
  1175 | D:2      | Found a stormy altar of Qazlal.
  1179 | D:2      | Found a radiant altar of Vehumet.
  1179 | D:2      | Found a sacrificial altar of Ru.
  1207 | D:2      | Found a white marble altar of Elyvilon.
  1300 | D:3      | Noticed Terence
  1315 | D:3      | Killed Terence
  1316 | D:3      | Reached skill level 1 in Shields
  1316 | D:3      | Reached XP level 4. HP: 17/40 MP: 3/3
  1935 | D:3      | Noticed Sigmund
  1943 | D:3      | Killed Sigmund
  1944 | D:3      | Reached XP level 5. HP: 46/46 MP: 4/4
  2266 | D:3      | Reached XP level 6. HP: 52/52 MP: 5/5
  3014 | D:4      | Found a hazy altar of Hepliaklqana.
  3094 | D:4      | Reached *** piety under Trog
  3097 | D:4      | Reached skill level 5 in Dodging
  3097 | D:4      | Reached XP level 7. HP: 29/58 MP: 6/6
  3313 | D:4      | Reached skill level 5 in Shields
  3930 | D:5      | Entered Level 5 of the Dungeon
  3930 | D:5      | Noticed Ijyb
  3934 | D:5      | Killed Ijyb
  3985 | D:5      | Reached XP level 8. HP: 47/66 MP: 7/7
  4812 | D:5      | Noticed Blork the orc
  4819 | D:5      | Killed Blork the orc
  5142 | D:5      | Reached **** piety under Trog
  5282 | D:5      | Found a snail-covered altar of Cheibriados.
  5380 | D:6      | Found Zin's Purification Station.
  5413 | D:6      | Found a glowing silver altar of Zin.
  5715 | D:6      | Found a bloodstained altar of Trog.
  5793 | D:6      | Found a staircase to the Ecumenical Temple.
  6332 | D:7      | Reached XP level 9. HP: 50/71 MP: 8/8
  6459 | D:7      | Noticed a kobold demonologist
  6461 | D:7      | Noticed a sun demon
  6465 | D:7      | Killed a kobold demonologist
  6476 | D:7      | Reached skill level 5 in Armour
  6531 | D:7      | Found Vasovur's Weapon Shop.
  7209 | D:7      | Reached skill level 10 in Axes
  7215 | D:7      | Found a staircase to the Lair.
  7494 | D:8      | Found Zentagyf's Magic Scroll Emporium.
  7533 | D:8      | Reached XP level 10. HP: 53/78 MP: 9/9
  7847 | D:8      | Noticed a cyclops
  7858 | D:8      | Killed a cyclops
  7859 | D:8      | Reached skill level 10 in Armour
  8044 | D:9      | Reached ***** piety under Trog
  8235 | D:9      | Noticed Erolcha
  8249 | D:9      | Received a gift from Trog
  8250 | D:9      | Got a shimmering broad axe {god gift}
  8279 | D:9      | Noticed Pikel
  8283 | D:9      | Slain by Erolcha

Skill      XL: |  1  2  3  4  5  6  7  8  9 10 |
---------------+-------------------------------+-----
Axes           | 4 5 6 7 8 10 11 | 11.2
Shields        | 1 3 4 6 8 |  8.1
Dodging        | 3 5 6 7 |  7.9
Armour         | 3 8 11 | 11.4
Fighting       | |  3.7

Action                   |  1- 3 |  4- 6 |  7- 9 | 10-12 || total
-------------------------+-------+-------+-------+-------++-------
Melee: Hand axe          |    73 |    64 |   276 |   116 ||   529
       Headbutt          |    10 |    10 |    39 |    25 ||    84
Invok: Berserk           |     1 |     1 |     1 |     2 ||     5
       Brothers in Arms  |       |       |       |     1 ||     1
  Eat: Chunk             |     2 |     6 |    17 |     5 ||    30
       Ration            |       |     1 |     1 |     1 ||     3
Armor: Animal skin       |    10 |       |       |       ||    10
       Leather armour    |     2 |       |       |       ||     2
       Ring mail         |       |    21 |    22 |       ||    43
       Chain mail        |       |       |    26 |       ||    26
       Plate armour      |       |       |    34 |    45 ||    79
Dodge: Dodged            |    38 |    31 |   114 |    32 ||   215
Block: Buckler           |       |     6 |    63 |    33 ||   102
